 Dungeon Crawl Stone Soup version 0.25.1-2-g60ff931df9 (webtiles) character file.

Game seed: 5454954536048242568

246 Johnny the Digger (level 5, -2/38 HPs)
             Began as a Demigod Earth Elementalist on Oct 9, 2020.
             Slain by an iguana (4 damage)
             ... on level 4 of the Dungeon.
             The game lasted 00:03:14 (3931 turns).

Johnny the Digger (Demigod Earth Elementalist)      Turns: 3931, Time: 00:03:15

Health: -2/38      AC:  4    Str: 11    XL:     5   Next: 54%
Magic:  6/12       EV: 12    Int: 21    God:
Gold:   144        SH:  0    Dex: 16    Spells: 9/10 levels left

rFire    . . .     SeeInvis .   k - +0 dagger
rCold    . . .     Gourm    .   (no shield)
rNeg     . . .     Faith    .   c - +0 robe
rPois    +         Spirit   .   (no helmet)
rElec    .         Reflect  .   (no cloak)
rCorr    +         Harm     .   i - +0 pair of gloves
MR       .....                  g - +0 pair of boots
Stlth    ++........             (no amulet)
HPRegen  0.12/turn              m - ring of poison resistance
MPRegen  0.13/turn              o - ring of resist corrosion

@: brilliant
A: high mp 1
a: no special abilities


You were on level 4 of the Dungeon.
You were not hungry.

You visited 1 branch of the dungeon, and saw 4 of its levels.

You collected 144 gold pieces.

Inventory:

Hand Weapons
 k - a +0 dagger (weapon)
Missiles
 b - 22 stones (quivered)
Armour
 c - a +0 robe (worn)
 g - a +0 pair of boots (worn)
 i - a +0 pair of gloves (worn)
Jewellery
 m - a ring of poison resistance (left hand)
 o - a ring of resist corrosion (right hand)
 p - an uncursed ring of ice
 w - an uncursed ring of protection from cold
Scrolls
 e - 2 scrolls of enchant weapon {unknown}
 h - 2 scrolls of amnesia {unknown}
 j - 3 scrolls of teleportation {unknown}
 l - 3 scrolls of identify {unknown}
 n - a scroll of remove curse {unknown}
 v - a scroll of magic mapping {unknown}
Potions
 a - a potion of berserk rage {unknown}
 f - a potion of ambrosia {unknown}
 q - a potion of curing {unknown}
 r - a potion of brilliance
 s - a potion of might {unknown}
 u - 2 potions of resistance {unknown}
Comestibles
 d - 10 rations


   Skills:
 - Level 1.7 Dodging
 - Level 1.7 Stealth
 + Level 3.2 Spellcasting
   Level 0.8 Transmutations
 * Level 5.2 Earth Magic


You had 9 spell levels left.
You knew the following spells:

 Your Spells              Type           Power        Failure   Level  Hunger
a - Sandblast             Erth           #####.       1%          1    None

Your spell library contained the following spells:

 Spells                   Type           Power        Failure   Level  Hunger
 Passwall                 Tmut/Erth      ###.....     5%          2    None
 Stone Arrow              Conj/Erth      ###...       13%         3    None
 Petrify                  Tmut/Erth      ###.....     36%         4    None
 Lee's Rapid Deconstruct  Erth           #####.....   38%         5    None


Dungeon Overview and Level Annotations

Branches:
Dungeon (4/15)
 Temple: D:4-7


Innate Abilities, Weirdness & Mutations

You have an increased reservoir of magic. (+10% MP)


Message History

The blast of sand misses the iguana.
b - 23 stones The iguana bites you!
* * * LOW HITPOINT WARNING * * *
Casting: Sandblast (safe; 1% risk of failure)
Confirm with . or Enter, or press ? or * to list all spells.
Aiming: Sandblast (safe; 1% risk of failure)
Press: ? - help, Shift-Dir - straight line, f/p - iguana
Aim: an iguana (heavily wounded)
The blast of sand hits the iguana but does no damage.
The iguana is heavily wounded.
b - 22 stones The iguana bites you but does no damage.
Okay, then.
You aren't carrying any items that you can evoke.
Unknown command.
It was a potion of brilliance.
You feel clever all of a sudden. The iguana bites you.
You die...

#.# #####
....####[###...#
...##..........#
##...##.##.###...#
#....##.##.# ##...
####....#..##.# ##..
####.......#..##.# #...
#.....l...##..##.# #...
#......@..##..##.# .....
##.......###..##.##.##..
#.......###..##....#...
##.....##......### ##..
###..†##....##.# .
.#.........(.# .# ##
#............## #
#..#####...(..... #..
#.##.####.#


You could see an iguana.

Vanquished Creatures
  A scorpion (D:4)
  An orc wizard (D:3)
  A worker ant (D:4)
  A hound skeleton (D:4)
  3 adders
  2 oozes
  2 worms
  2 dart slugs (D:1)
  3 leopard geckos
  5 orcs
  A ball python (D:3)
  6 bats
  6 giant cockroaches
  11 goblins
  6 hobgoblins
  2 jackals (D:2)
  A quokka (D:3)
  5 frilled lizards
  10 kobolds
  A leopard gecko skeleton (D:4)
  7 rats
77 creatures vanquished.

Notes
Turn   | Place    | Note
-------+----------+-------------------------------------------
     0 | D:1      | Johnny the Demigod Earth Elementalist began the quest for
                  | the Orb.
     0 | D:1      | Reached XP level 1. HP: 14/14 MP: 5/5
   160 | D:1      | Reached skill level 3 in Earth Magic
   536 | D:1      | Reached XP level 2. HP: 17/20 MP: 4/7
   856 | D:1      | Reached XP level 3. HP: 11/26 MP: 0/9
  1802 | D:2      | Found an opulent altar of Gozag.
  2226 | D:2      | Reached skill level 4 in Earth Magic
  2641 | D:3      | Reached XP level 4. HP: 33/33 MP: 8/10
  3544 | D:4      | Reached XP level 5. HP: 37/38 MP: 7/12
  3769 | D:4      | Reached skill level 5 in Earth Magic
  3929 | D:4      | HP: 1/38 [iguana (12)]
  3931 | D:4      | Slain by an iguana

Illustrated notes

Levels and vault maps discovered:
D:1:      psy_arrival_whirlpool, layout_loops_ring, minmay_tromino_v4_a
D:2:      layout_basic, nicolae_gozag_seed_capital, first_ration
D:3:      layout_loops_ring, skrybe_limestone_x
D:4:      kennysheep_spiral_hall, layout_loops_ring

Skill      XL: |  1  2  3  4  5 |
---------------+----------------+-----
Earth Magic    | 3 4 5 |  5.2
Spellcasting   | 2 3 |  3.2
Dodging        | |  1.7
Stealth        | |  1.7
Transmutations | |  0.8

Action                   |  1- 3 |  4- 6 || total
-------------------------+-------+-------++-------
Melee: Unarmed           |    50 |       ||    50
       Dagger            |    69 |    97 ||   166
 Cast: Sandblast         |    42 |    44 ||    86
  Use: Potion            |       |     1 ||     1
 Stab: Sleeping          |     8 |     3 ||    11
  Eat: Chunk             |     6 |     4 ||    10
Armor: Robe              |    33 |    36 ||    69
Dodge: Dodged            |   111 |    60 ||   171
